Map: Hardwire LE

Players

everett

  • Race: Terran Terran

CheekiBreeki - Winner!

  • Race: Zerg Zerg
  • League: Silver

VOD

Have the link to the VOD?

Description

im just learning how to use the platform and stuff, just keep that in mind when watching cause this isn't intended to be used as a reference by anyone other than me but if yall wanna use it go ahead i don't care lmao. k.

Time

  • Played on: Dec. 11, 2021, 9:53 a.m.
  • Length: 11:29
Show
View Real Time Build Order
Export as new Build Order

everett Terran 

Build Orders:  

Get SALT Encoding   

  12  0:41  Supply Depot  
  12  0:54  Refinery  
  12  1:05  SCV  
  13  1:17  Barracks, SCV  
  14  1:29  SCV  
  15  1:41  SCV  
  16  1:54  SCV  
  17  2:24  Engineering Bay  
  17  2:27  Marine  
  18  2:44  Marine  
  19  3:00  Missile Turret  
  19  3:02  Marine  
  20  3:10  Planetary Fortress  
  20  3:20  Marine, Missile Turret  
  21  3:38  Marine  
  22  3:46  Missile Turret  
  22  4:06  Missile Turret  
  22  4:30  Missile Turret  
  22  4:51  Missile Turret  
  22  5:24  Missile Turret  
  22  5:34  Barracks Tech Lab  
  22  5:48  Supply Depot  
  22  6:17  Factory  
  22  6:19  Marauder  
  22  6:21  Combat Shield  
  24  6:42  Marine  
  25  7:00  Marine  
  26  7:07  Factory Tech Lab  
  26  7:40  Stimpack  
  26  7:57  Marauder  
  28  8:08  Missile Turret  
  28  8:20  Terran Infantry Weapons Level 1  
  28  8:24  Siege Tank  
  31  8:39  Command Center  
  31  8:57  Bunker  
  31  9:03  Bunker  
  31  9:20  Concussive Shells  
  31  9:53  Marine  
  31  9:58  Orbital Command  
  32  10:44  Missile Turret  
  32  10:49  Missile Turret  
Show
View Real Time Build Order
Export as new Build Order

CheekiBreeki Zerg - Winner!

Build Orders: Pool First 

Get SALT Encoding   

  12  0:04  Drone  
  13  0:25  Spawning Pool, Drone  
  13  0:30  Drone  
  14  0:44  Overlord  
  14  1:05  Hatchery  
  13  1:22  Drone  
  13  1:23  Drone x2  
  16  1:28  Queen  
  18  1:33  Extractor  
  18  1:34  Drone  
  18  1:50  Roach Warren  
  17  1:57  Drone x2  
  17  1:58  Spore Crawler  
  18  2:11  Drone  
  19  2:18  Drone x2  
  21  2:28  Zergling x2  
  22  2:31  Zergling x2  
  23  2:42  Overlord  
  23  2:46  Drone  
  23  2:47  Drone x3  
  27  2:51  Extractor  
  27  2:57  Lair  
  26  3:07  Overlord  
  26  3:20  Pneumatized Carapace  
  26  3:24  Drone  
  26  3:25  Drone x4  
  31  3:28  Drone  
  31  3:30  Drone  
  33  3:43  Overlord x2  
  33  3:51  Roach  
  33  3:52  Overlord  
  35  3:56  Zergling x2  
  36  4:04  Hydralisk Den  
  35  4:11  Drone x2, Evolution Chamber  
  35  4:13  Roach x2  
  40  4:21  Queen  
  42  4:25  Glial Reconstitution  
  42  4:32  Extractor  
  42  4:36  Extractor  
  42  4:37  Drone x4  
  44  4:43  Zerg Missile Weapons Level 1  
  44  4:45  Overlord  
  44  4:54  Drone x3  
  44  4:55  Drone  
  44  4:57  Drone  
  49  5:13  Hydralisk x2  
  49  5:14  Hydralisk  
  49  5:19  Hydralisk  
  57  5:25  Roach  
  59  5:30  Roach  
  61  5:37  Drone x2  
  61  5:38  Drone  
  61  5:39  Overlord  
  64  5:48  Grooved Spines  
  64  6:01  Hydralisk  
  64  6:02  Hydralisk  
  68  6:07  Overlord  
  68  6:09  Overlord  
  68  6:14  Drone x3, Overlord  
  68  6:15  Overlord  
  68  6:16  Hydralisk  
  68  6:17  Hydralisk  
  75  6:20  Zergling x2  
  76  6:37  Roach x4  
  84  6:41  Hydralisk  
  84  6:42  Hydralisk x3  
  84  6:45  Overseer  
  92  6:48  Overseer  
  92  6:52  Overseer  
  92  6:57  Overseer  
  92  7:00  Overlord x2  
  92  7:01  Overlord x2  
  92  7:13  Drone x2  
  94  7:36  Extractor  
  93  7:37  Hatchery  
  93  7:40  Extractor  
  91  7:51  Hydralisk x6  
  103  8:05  Hatchery  
  103  8:08  Drone  
  103  8:18  Spore Crawler  
  102  8:20  Spore Crawler, Spine Crawler  
  102  8:25  Spine Crawler  
  102  8:26  Spine Crawler  
  98  8:27  Drone  
  98  8:28  Drone x2  
  98  8:29  Drone x4  
  98  8:30  Hydralisk  
  98  8:31  Spine Crawler  
  106  8:44  Drone x2  
  108  8:59  Hydralisk x3  
  114  9:03  Hydralisk x3  
  114  9:08  Zerg Missile Weapons Level 2  
  120  9:19  Spore Crawler x2  
  120  9:22  Hydralisk  
  120  9:23  Hydralisk  
  122  9:25  Spore Crawler  
  121  9:33  Drone x2  
  121  9:34  Drone x4  
  121  9:35  Drone  
  121  9:37  Drone  
  129  9:40  Drone  
  130  9:59  Drone  
  132  10:00  Drone x3, Hydralisk x3  
  140  10:12  Roach x2  
  140  10:13  Roach x3  
  150  10:16  Roach  
  152  10:32  Overlord x3  
  152  10:52  Spine Crawler  
  152  10:53  Overlord x2  
  152  10:55  Spine Crawler  
  152  10:57  Spore Crawler  
Tags
 
League
Silver
Matchup
TvZ
Opening
Pool First
Add a new tag
Caveats
  • Supply blocks, unpowered buildings, or Contaminate may cause inaccurate times.
  • Supply counts are checked every 10 seconds.